[Event "Titled Tuesday Blitz November 08 Early 2022"]
[White "Nakamura, Hikaru"]
[Black "Svane, Rasmus"]
[WhiteFideId "2016192"]
[BlackFideId "4657101"]
[WhiteElo "2909"]
[BlackElo "2674"]
[Result "1-0"]
[Round "10"]
[TimeControl "180+1"]
[Date "2022.11.08"]
[WhiteClock "0:00:08"]
[BlackClock "0:00:03"]

1. Nf3 d5 2. g3 Nf6 3. Bg2 e6 4. d3 Be7 5. Nbd2 O-O 6. e4 a5 7. O-O dxe4 8. dxe4 Nc6 9. e5 Nd7 10. Qe2 b6 11. Rd1 Bb7 12. Ne4 Qc8 13. Bg5 Bxg5 14. Nexg5 h6 15. Nh3 Rd8 16. Nf4 Nc5 17. Nh5 Rxd1+ 18. Rxd1 Qf8 19. Nd4 Nxd4 20. Rxd4 Bxg2 21. Kxg2 Rd8 22. Rg4 g6 23. Nf6+ Kg7 24. h4 Nd7 25. h5 Qc5 26. hxg6 Qxe5 27. Qxe5 Nxe5 28. Nh5+ Kg8 29. gxf7+ Kxf7 30. Rg7+ Kf8 31. Rxc7 Rd2 32. Nf4 Rd6 33. c4 Ke8 34. b3 Ng4 35. Kf3 Ne5+ 36. Ke2 a4 37. bxa4 Rd4 38. Nxe6 Re4+ 39. Kf1 Nf3 40. Ng7+ Kd8 41. Rf7 Re1+ 42. Kg2 Ne5 43. Ne6+ Ke8 44. Rc7 Re2 45. c5 bxc5 46. Nxc5 Rxa2 47. Rh7 Ng4 48. Kf3 Nxf2 49. Rxh6 Nd1 50. Rh4 Ke7 51. Rd4 Nc3 52. g4 Ra3 53. Kg2 Ne2 54. Re4+ Kd6 55. Nb7+ Kc6 56. Rxe2 Kxb7 57. Re4 Kc6 58. g5 Kd5 59. Rg4 Ke6 60. g6 Ra2+ 61. Kf3 Ra3+ 62. Ke2 Kf5 63. g7 Ra2+ 64. Kd1 Ra1+ 65. Kc2 1-0


[Site "https://www.chess.com"]

[Event "Titled Tuesday Blitz November 08 Early 2022"]
[White "Omariev, Maksim"]
[Black "Trifan, Andrei Ioan"]
[WhiteFideId "4193423"]
[BlackFideId "12967068"]
[WhiteElo "2429"]
[BlackElo "2208"]
[Result "1-0"]
[Round "10"]
[TimeControl "180+1"]
[Date "2022.11.09"]
[WhiteClock "0:00:01"]
[BlackClock "0:00:04"]

1. g4 d5 2. Bg2 c6 3. g5 e5 4. d4 e4 5. c4 h6 6. g6 fxg6 7. Nc3 Nf6 8. Qb3 Qa5 9. Bd2 dxc4 10. Qxc4 Qf5 11. Bh3 Ng4 12. f3 exf3 13. exf3 Be6 14. fxg4 Qf6 15. Qe2 Qh4+ 16. Qf2 Qxf2+ 17. Kxf2 Bd6 18. Nf3 O-O 19. Rhe1 Bc4 20. Kg2 Na6 21. a3 Nc7 22. g5 Nd5 23. Be6+ Kh7 24. Nxd5 cxd5 25. Ne5 Bxe5 26. Rxe5 Rae8 27. Rae1 Rd8 28. Bb4 Rf4 29. Bc3 Rdf8 30. Bxd5 Bxd5+ 31. Rxd5 Rg4+ 32. Kh3 h5 33. Re3 Rf2 34. Rg3 Rgf4 35. Rd7 h4 36. Re3 Rf5 37. d5 Rxg5 38. Rxg7+ Kh6 39. Rg8 Rgg2 40. Rh8+ Kg5 41. Re5+ Kf4 42. Rf8# 1-0


[Site "https://www.chess.com"]

[Event "Titled Tuesday Blitz November 08 Early 2022"]
[White "Orlov, Georgi"]
[Black "Avazkhonov, Alikhon"]
[WhiteFideId "2011271"]
[BlackFideId "14208504"]
[WhiteElo "2563"]
[BlackElo "1739"]
[Result "0-1"]
[Round "10"]
[TimeControl "180+1"]
[Date "2022.11.09"]
[WhiteClock "0:00:13"]
[BlackClock "0:00:10"]

1. d4 Nf6 2. Nf3 e6 3. c4 Bb4+ 4. Bd2 Qe7 5. Nc3 Bxc3 6. Bxc3 Ne4 7. Qc2 Nxc3 8. Qxc3 O-O 9. g3 d6 10. Bg2 Nc6 11. O-O e5 12. d5 Nd8 13. c5 Bg4 14. cxd6 cxd6 15. Rac1 f5 16. Qc7 Qf6 17. Rfd1 Bxf3 18. exf3 Rf7 19. Qa5 Re7 20. Rc3 Nf7 21. Rdc1 e4 22. Rc8+ Re8 23. Rxa8 Rxa8 24. fxe4 fxe4 25. Rc3 Ng5 26. Qc7 Rf8 27. Rc2 Qd4 28. Qc3 Qd1+ 29. Bf1 Nf3+ 30. Kg2 Qxc2 31. Qxc2 Ne1+ 32. Kg1 Nxc2 33. Bb5 Nd4 34. Bd7 Nf3+ 35. Kf1 Ne5 36. Be6+ Kh8 37. Ke2 g5 38. h3 Kg7 39. Ke3 Rf3+ 40. Kxe4 Rxf2 41. b4 Rxa2 42. h4 gxh4 43. gxh4 Ra4 44. Kf5 Rxb4 45. Bc8 b5 46. Ke6 Rxh4 47. Kxd6 Nf7+ 48. Kc5 b4 49. d6 Nxd6 50. Kxd6 b3 51. Be6 b2 52. Ba2 Rh1 53. Kc5 b1=Q 54. Bxb1 Rxb1 55. Kc4 a5 56. Kc3 a4 57. Kc2 Rb3 58. Kc1 h5 0-1


[Site "https://www.chess.com"]

[Event "Titled Tuesday Blitz November 08 Early 2022"]
[White "Orzech, Dominik"]
[Black "Martin, Lewis"]
[WhiteFideId "1115065"]
[BlackFideId "410551"]
[WhiteElo "2272"]
[BlackElo "2145"]
[Result "1-0"]
[Round "10"]
[TimeControl "180+1"]
[Date "2022.11.09"]
[WhiteClock "0:02:07"]
[BlackClock "0:01:10"]

1. g3 c5 2. Bg2 Nc6 3. c4 e6 4. Nc3 Nf6 5. Nf3 d5 6. O-O d4 7. Na4 Bd6 8. d3 O-O 9. e3 dxe3 10. Bxe3 Qe7 11. a3 Rd8 12. Re1 b6 13. Ng5 Bb7 14. Rb1 h6 15. Ne4 Nxe4 16. Bxe4 f5 17. Bg2 Ne5 18. f3 Bc7 19. Qe2 Nxd3 20. Red1 Ne5 21. b4 cxb4 22. axb4 Rxd1+ 23. Rxd1 Qxb4 24. Nb2 Rd8 25. Bd4 Nxf3+ 26. Bxf3 Bxf3 27. Qxf3 Rxd4 28. Rxd4 Qc5 29. Qf2 Be5 30. Rd8+ Kh7 31. Qxc5 bxc5 32. Nd3 Bd4+ 33. Kf1 1-0


[Site "https://www.chess.com"]

[Event "Titled Tuesday Blitz November 08 Early 2022"]
[White "Ozen, Bahadir"]
[Black "Kamsky, Gata"]
[WhiteFideId "6337058"]
[BlackFideId "2000024"]
[WhiteElo "2503"]
[BlackElo "2666"]
[Result "1/2-1/2"]
[Round "10"]
[TimeControl "180+1"]
[Date "2022.11.08"]
[WhiteClock "0:00:04"]
[BlackClock "0:00:07"]

1. g3 f5 2. Bg2 Nf6 3. f4 Nc6 4. Nf3 d6 5. d4 g6 6. O-O Bg7 7. d5 Nb8 8. Nc3 c6 9. Kh1 O-O 10. e4 fxe4 11. Ng5 e6 12. dxc6 Nxc6 13. Ncxe4 Nxe4 14. Nxe4 d5 15. Ng5 a5 16. a4 Nd4 17. c3 Nf5 18. Qe2 Ra6 19. Nf3 Rd6 20. Be3 Nxe3 21. Qxe3 Qb6 22. Qe2 Bd7 23. Rfe1 Rc8 24. Ne5 Be8 25. Nf3 Rc7 26. h4 Bf6 27. Kh2 h6 28. Bh3 Re7 29. Ne5 Qc7 30. Ng4 Bg7 31. Ne5 Rb6 32. Qd2 g5 33. hxg5 hxg5 34. Re2 Bh5 35. Re3 Bf6 36. Rg1 Rg7 37. Qf2 Qe7 38. Ng4 Bxg4 39. Bxg4 gxf4 40. gxf4 Bh4 41. Qe2 Qf6 42. Bxe6+ Rxe6 43. Rxg7+ Kxg7 44. Rxe6 Qxf4+ 45. Kh1 Bf6 46. Re3 Qh4+ 47. Kg2 Qxa4 48. Rg3+ Kf8 49. Qh5 Qe4+ 50. Qf3 Qc2+ 51. Qf2 Qe4+ 52. Qf3 Qc2+ 53. Kh1 Qb1+ 54. Rg1 Qh7+ 55. Kg2 Qg6+ 56. Kh1 Qh7+ 57. Kg2 Qg6+ 58. Qg3 Qe4+ 59. Qf3 Qg6+ 1/2-1/2


[Site "https://www.chess.com"]

[Event "Titled Tuesday Blitz November 08 Early 2022"]
[White "Padmini, Rout"]
[Black "Moskvin, Anatoly"]
[WhiteFideId "5029295"]
[BlackFideId "24199990"]
[WhiteElo "2296"]
[BlackElo "2079"]
[Result "1-0"]
[Round "10"]
[TimeControl "180+1"]
[Date "2022.11.09"]
[WhiteClock "0:00:48"]
[BlackClock "0:00:03"]

1. e4 e5 2. Nc3 Nc6 3. g3 h5 4. Nf3 h4 5. Nxh4 Rxh4 6. gxh4 Qxh4 7. d3 Bc5 8. Qd2 Nd4 9. Be2 Ne7 10. Na4 d6 11. Nxc5 dxc5 12. c3 Ne6 13. Qe3 Ng6 14. Qg3 Qe7 15. Bg4 b6 16. Bxe6 Qxe6 17. h4 Ba6 18. c4 O-O-O 19. Qh3 Qxh3 20. Rxh3 Rh8 21. h5 Kd8 22. Bd2 Bc8 23. Rh2 Bg4 24. h6 gxh6 25. Rxh6 Rg8 26. Bg5+ Kd7 27. Kd2 Nf8 28. Be3 Ne6 29. Rg1 Rg7 30. Rxe6 Kxe6 31. f3 Rh7 32. fxg4 Rh2+ 33. Kc3 Kf6 34. g5+ Kg6 35. Rf1 Re2 36. Bc1 a5 37. a4 Kg7 38. Rf6 Rg2 39. Rc6 1-0


[Site "https://www.chess.com"]

[Event "Titled Tuesday Blitz November 08 Early 2022"]
[White "Pakleza, Zbigniew"]
[Black "Tifferet, Shaked"]
[WhiteFideId "1119290"]
[BlackFideId "2811529"]
[WhiteElo "2411"]
[BlackElo "2142"]
[Result "1-0"]
[Round "10"]
[TimeControl "180+1"]
[Date "2022.11.09"]
[WhiteClock "0:02:20"]
[BlackClock "0:00:38"]

1. d4 Nf6 2. Nf3 d5 3. Bf4 c6 4. e3 Bg4 5. c4 Nbd7 6. Nc3 e6 7. Qb3 Bxf3 8. gxf3 Qb6 9. Bg3 Qxb3 10. axb3 a6 11. c5 e5 12. b4 exd4 13. exd4 O-O-O 14. Kd2 Be7 15. Rxa6 Nb8 16. Ra8 Kd7 17. Bh3+ Ke8 18. Rxb8 1-0


[Site "https://www.chess.com"]

[Event "Titled Tuesday Blitz November 08 Early 2022"]
[White "Paravyan, David"]
[Black "Wieczorek, Oskar"]
[WhiteFideId "4194985"]
[BlackFideId "1133950"]
[WhiteElo "2546"]
[BlackElo "2404"]
[Result "1-0"]
[Round "10"]
[TimeControl "180+1"]
[Date "2022.11.08"]
[WhiteClock "0:01:43"]
[BlackClock "0:00:19"]

1. e4 e5 2. Nf3 Nc6 3. Nc3 Nf6 4. d4 exd4 5. Nxd4 Bb4 6. Nxc6 bxc6 7. Bd3 O-O 8. O-O d5 9. Bd2 Bxc3 10. Bxc3 dxe4 11. Bxf6 Qxf6 12. Bxe4 Qxb2 13. Bxc6 Rb8 14. Rb1 Qxb1 15. Qxb1 Rxb1 16. Rxb1 Rd8 17. Bf3 Kf8 18. Rb8 Re8 19. h3 Ba6 20. Rb3 Be2 21. Bc6 Re6 22. Rc3 Rd6 23. Ba4 Rd4 24. Bb3 Rd7 25. Rc5 a6 26. f3 Ke7 27. Re5+ 1-0


[Site "https://www.chess.com"]

[Event "Titled Tuesday Blitz November 08 Early 2022"]
[White "Parpiev, Isaak"]
[Black "Ostrovskiy, Aleksandr"]
[WhiteFideId "34281576"]
[BlackFideId "2034239"]
[WhiteElo "2094"]
[BlackElo "2340"]
[Result "0-1"]
[Round "10"]
[TimeControl "180+1"]
[Date "2022.11.09"]
[WhiteClock "0:00:01"]
[BlackClock "0:00:42"]

1. e4 d5 2. exd5 Nf6 3. d4 Bg4 4. Bb5+ Nbd7 5. Nf3 Nxd5 6. O-O c6 7. Be2 e6 8. h3 Bh5 9. c4 N5f6 10. Nc3 Be7 11. Ne5 Bxe2 12. Qxe2 O-O 13. Bf4 Re8 14. Rad1 Nf8 15. Qf3 Qa5 16. a3 Rad8 17. g4 Ng6 18. Bg3 Nxe5 19. dxe5 Nd7 20. Rfe1 Qc5 21. Qe4 Nb6 22. Rc1 Qxc4 23. Qf3 Rd3 24. Qe2 Qd4 25. Ne4 Rd8 26. Nd6 Rxg3+ 27. Kh2 Rd3 28. Rcd1 Bxd6 29. Rxd3 Qxd3 30. exd6 Qxe2 31. Rxe2 Rxd6 32. Rd2 Rxd2 33. Kg3 Rxb2 34. Kf4 Rb3 35. Ke5 Nc4+ 36. Kd4 Nxa3 37. Kc5 Rd3 38. Kb4 b6 39. g5 a5+ 40. Ka4 Nb5 41. g6 Ra3# 0-1


[Site "https://www.chess.com"]

[Event "Titled Tuesday Blitz November 08 Early 2022"]
[White "Peyrer, Konstantin"]
[Black "Chigaev, Maksim"]
[WhiteFideId "1640879"]
[BlackFideId "4108116"]
[WhiteElo "2415"]
[BlackElo "2541"]
[Result "0-1"]
[Round "10"]
[TimeControl "180+1"]
[Date "2022.11.08"]
[WhiteClock "0:01:15"]
[BlackClock "0:00:48"]

1. d4 Nf6 2. c4 g6 3. Nc3 d5 4. cxd5 Nxd5 5. e4 Nxc3 6. bxc3 Bg7 7. Nf3 c5 8. Be3 Bg4 9. Qb3 Bxf3 10. gxf3 cxd4 11. Rd1 O-O 12. cxd4 Nc6 13. Qa4 a6 14. e5 b5 15. Qc2 Rc8 16. Qe4 e6 17. h4 Qa5+ 18. Bd2 Qa4 19. Bg5 h6 20. Bf6 Bxf6 21. exf6 Rfd8 22. d5 Qa5+ 23. Ke2 exd5 24. Qf4 Re8+ 25. Kd3 Nb4+ 26. Kd4 Qb6# 0-1


[Site "https://www.chess.com"]

[Event "Titled Tuesday Blitz November 08 Early 2022"]
[White "Piesik, Piotr"]
[Black "Mosadeghpour, Masoud"]
[WhiteFideId "1136194"]
[BlackFideId "12519278"]
[WhiteElo "2316"]
[BlackElo "2393"]
[Result "0-1"]
[Round "10"]
[TimeControl "180+1"]
[Date "2022.11.08"]
[WhiteClock "0:00:31"]
[BlackClock "0:00:20"]

1. Nf3 Nf6 2. g3 g6 3. Bg2 Bg7 4. O-O O-O 5. d4 d5 6. c4 dxc4 7. Na3 c3 8. bxc3 c5 9. Qb3 Nc6 10. Rd1 Na5 11. Qb2 cxd4 12. cxd4 Be6 13. Bd2 Nc4 14. Nxc4 Bxc4 15. e3 Bd5 16. Rac1 Rc8 17. Bb4 Qd7 18. Ne5 Qe6 19. a3 Bxg2 20. Kxg2 Nd5 21. Nd3 Rxc1 22. Qxc1 Rc8 23. Qd2 Qe4+ 24. Kg1 b6 25. Qb2 a5 26. Be1 Bh6 27. Qe2 f6 28. h3 Qe6 29. Kh2 Qe4 30. Kg1 Bg5 31. Kh2 h5 32. Rc1 Rxc1 33. Nxc1 h4 34. Qg4 hxg3+ 35. Kxg3 Qh1 36. Nd3 Kg7 37. Qf3 Bh4+ 38. Kg4 f5+ 0-1


[Site "https://www.chess.com"]

[Event "Titled Tuesday Blitz November 08 Early 2022"]
[White "Rakhmanov, Aleksandr"]
[Black "Pranav, V"]
[WhiteFideId "4173708"]
[BlackFideId "25060783"]
[WhiteElo "2530"]
[BlackElo "2430"]
[Result "0-1"]
[Round "10"]
[TimeControl "180+1"]
[Date "2022.11.08"]
[WhiteClock "0:00:03"]
[BlackClock "0:01:45"]

1. d4 Nf6 2. c4 e6 3. Nc3 Bb4 4. e3 O-O 5. Bd3 d5 6. a3 Bxc3+ 7. bxc3 dxc4 8. Bxc4 c5 9. Ne2 Qc7 10. Bd3 e5 11. O-O Nc6 12. e4 cxd4 13. cxd4 exd4 14. f4 Ng4 15. h3 Ne3 16. Bxe3 dxe3 17. Qc1 Qb6 18. Rb1 Qa5 19. Rf3 Rd8 20. Rxe3 Be6 21. Rb5 Qa4 22. f5 Rxd3 23. Rxd3 Qxb5 24. Rg3 Qxe2 25. f6 Kf8 26. Qc5+ Ke8 27. fxg7 Kd7 28. Qf8 Rxf8 29. gxf8=Q Qxe4 30. Rg8 Kc7 31. Qc5 a5 32. Kh2 b6 33. Qf2 Qe5+ 34. Kg1 Qa1+ 35. Kh2 Qxa3 36. Qf4+ Qd6 37. Qxd6+ Kxd6 38. Rh8 a4 39. g4 a3 40. Rxh7 a2 0-1


[Site "https://www.chess.com"]

[Event "Titled Tuesday Blitz November 08 Early 2022"]
[White "Rios Escobar, Adan"]
[Black "Cramling Bellon, Anna"]
[WhiteFideId "3403645"]
[BlackFideId "32009232"]
[WhiteElo "2338"]
[BlackElo "1972"]
[Result "1-0"]
[Round "10"]
[TimeControl "180+1"]
[Date "2022.11.09"]
[WhiteClock "0:00:33"]
[BlackClock "0:00:02"]

1. d4 Nf6 2. g3 d5 3. c4 e6 4. Nf3 Bb4+ 5. Nbd2 dxc4 6. Bg2 c6 7. O-O b5 8. a4 c3 9. Nb3 Bb7 10. Ne5 Nd5 11. e4 cxb2 12. Bxb2 Nc3 13. Bxc3 Bxc3 14. Qf3 f6 15. Qh5+ g6 16. Nxg6 hxg6 17. Qxh8+ Ke7 18. Qg7+ Ke8 19. Qxb7 Bxa1 20. Qxa8 Bc3 21. Qxa7 Nd7 22. Rc1 b4 23. a5 e5 24. a6 exd4 25. Nxd4 Bxd4 26. Qxd4 Qa5 27. Ra1 c5 28. Qxd7+ Kxd7 29. Rxa5 c4 30. a7 c3 31. a8=Q c2 32. Qd5+ Ke7 33. Ra7+ Ke8 34. Qc4 Kf8 35. Qxc2 Kg8 36. Qb3+ Kh8 37. Qxb4 1-0


[Site "https://www.chess.com"]

[Event "Titled Tuesday Blitz November 08 Early 2022"]
[White "Ristic, Nebojsa B"]
[Black "Krysa, Leandro"]
[WhiteFideId "935468"]
[BlackFideId "116807"]
[WhiteElo "2320"]
[BlackElo "2485"]
[Result "1-0"]
[Round "10"]
[TimeControl "180+1"]
[Date "2022.11.09"]
[WhiteClock "0:01:02"]
[BlackClock "0:00:07"]

1. d4 g6 2. Bf4 Bg7 3. e4 d6 4. Nc3 a6 5. Qd2 b5 6. Nf3 Bb7 7. d5 Nf6 8. Bd3 c6 9. dxc6 Nxc6 10. Bh6 O-O 11. O-O-O Rc8 12. Kb1 b4 13. Nd5 Nxd5 14. exd5 Ne5 15. Bxg7 Kxg7 16. Qxb4 Nxf3 17. gxf3 Rb8 18. Qd4+ Kg8 19. h4 Qa5 20. c4 Qc5 21. Qxc5 dxc5 22. h5 Kg7 23. Be4 Bc8 24. hxg6 hxg6 25. d6 exd6 26. Rxd6 Be6 27. Bd5 Rfd8 28. Rxd8 Rxd8 29. Bxe6 fxe6 30. Re1 Kf6 31. Kc2 Rd4 32. Re4 e5 33. Rxd4 exd4 34. b4 cxb4 35. Kd3 Ke5 36. f4+ Kd6 37. Kxd4 Kc6 38. c5 a5 39. Kc4 Kc7 40. Kb5 b3 41. axb3 1-0


[Site "https://www.chess.com"]

[Event "Titled Tuesday Blitz November 08 Early 2022"]
[White "Rodriguez Fontecha, Marcos"]
[Black "Tleptsok, Ruslan"]
[WhiteFideId "2256576"]
[BlackFideId "24104485"]
[WhiteElo "2263"]
[BlackElo "2130"]
[Result "0-1"]
[Round "10"]
[TimeControl "180+1"]
[Date "2022.11.09"]
[WhiteClock "0:00:03"]
[BlackClock "0:00:44"]

1. Nf3 f5 2. d4 d5 3. Ne5 Nf6 4. g3 e6 5. Bg2 c6 6. c4 Bd6 7. O-O Nbd7 8. f4 O-O 9. Qc2 Qe8 10. cxd5 exd5 11. a3 Ne4 12. b4 Ndf6 13. Nd2 Qh5 14. Ndf3 Be6 15. Rb1 Ng4 16. Rb3 Kh8 17. h3 Ngf6 18. Nd2 Qxe2 19. Bf3 Qa6 20. Nd3 Nxg3 21. Re1 Nge4 22. Nc5 Bxc5 23. dxc5 Nxd2 24. Qxd2 Ne4 25. Qd4 b6 26. Bb2 Rf7 27. Bxe4 fxe4 28. Rg3 Qb7 29. Rf1 Bf5 30. Rf2 Rg8 31. h4 Qe7 32. Rg5 h6 33. Rh2 bxc5 34. bxc5 e3 35. Rh5 Kh7 36. Re2 Bg4 37. Rxe3 Qf6 38. Qd3+ Bf5 39. Bxf6 Bxd3 40. Bd4 Bf5 41. Re5 Bg4 42. f5 Bxh5 43. f6 0-1


[Site "https://www.chess.com"]

[Event "Titled Tuesday Blitz November 08 Early 2022"]
[White "Ronka, Erik"]
[Black "Hernandez Jimenez, Alexander Andres"]
[WhiteFideId "505080"]
[BlackFideId "3900452"]
[WhiteElo "2264"]
[BlackElo "2098"]
[Result "1-0"]
[Round "10"]
[TimeControl "180+1"]
[Date "2022.11.09"]
[WhiteClock "0:00:29"]
[BlackClock "0:00:01"]

1. d4 d5 2. c4 c6 3. Nc3 Nf6 4. e3 g6 5. Nf3 Bg7 6. Be2 O-O 7. O-O a6 8. b3 b5 9. Bb2 Bg4 10. h3 Bxf3 11. Bxf3 e6 12. e4 b4 13. Na4 dxe4 14. Be2 Nbd7 15. Qd2 a5 16. a3 Qe7 17. Rfd1 h5 18. Qc1 e5 19. d5 cxd5 20. cxd5 Rfc8 21. Qe3 Qd6 22. Bc4 Kh7 23. axb4 axb4 24. Rac1 Bh6 25. Qe2 Bxc1 26. Bxc1 Nb6 27. Nxb6 Qxb6 28. Bg5 Kg7 29. Kh2 Qd6 30. Bd2 Ra2 31. Qe3 Kg8 32. Qg5 Nh7 33. Qe3 Nf8 34. Qe1 Nd7 35. Bxb4 Qf6 36. Bd2 Nc5 37. Be3 Qd6 38. b4 Nd3 39. Rxd3 exd3 40. Bxa2 Rc2 41. Bb1 Rb2 42. Bxd3 e4+ 43. g3 exd3 44. Bd4 Re2 45. Qc3 Qd8 46. Qxd3 Qe8 47. d6 1-0


[Site "https://www.chess.com"]

[Event "Titled Tuesday Blitz November 08 Early 2022"]
[White "Roque Sola, Gisela"]
[Black "Korelskiy, Egor"]
[WhiteFideId "5120241"]
[BlackFideId "34329064"]
[WhiteElo "1961"]
[BlackElo "2043"]
[Result "1/2-1/2"]
[Round "10"]
[TimeControl "180+1"]
[Date "2022.11.09"]
[WhiteClock "0:00:20"]
[BlackClock "0:00:01"]

1. e4 c5 2. Nf3 e6 3. d4 cxd4 4. Nxd4 a6 5. Nc3 Qc7 6. a3 Nf6 7. Be3 b5 8. f4 b4 9. axb4 Bxb4 10. Nb5 Qc6 11. Qd4 axb5 12. Rxa8 Qxa8 13. Qxb4 Nc6 14. Qa3 Qxa3 15. bxa3 b4 16. axb4 Nxb4 17. Kd2 Bb7 18. Bd3 Nxd3 19. cxd3 O-O 20. Rb1 Bc6 21. h3 h6 22. g4 Rd8 23. Ba7 d5 24. e5 Nd7 25. d4 Ra8 26. Bb6 Rb8 27. Bc7 Rc8 28. Bd6 f6 29. Ra1 fxe5 30. fxe5 Ra8 31. Rxa8+ Bxa8 32. Nb5 Kf7 33. Ke3 Nb6 34. Bc5 Nc4+ 35. Kf4 Bc6 36. Nd6+ Nxd6 37. exd6 Kf6 38. Bb6 g5+ 39. Ke3 e5 40. Bd8+ Ke6 41. dxe5 Kxe5 42. Be7 d4+ 43. Kd2 Bb5 44. Bf8 Ke4 45. Bxh6 Kf4 46. Bg7 Kg3 47. Bf6 Kxh3 48. Bxg5 Kxg4 49. Bf6 d3 50. d7 Bxd7 51. Kxd3 1/2-1/2


[Site "https://www.chess.com"]

[Event "Titled Tuesday Blitz November 08 Early 2022"]
[White "Rose, Felix"]
[Black "Carbone, Diego"]
[WhiteFideId "5105722"]
[BlackFideId "3002179"]
[WhiteElo "2039"]
[BlackElo "2265"]
[Result "1-0"]
[Round "10"]
[TimeControl "180+1"]
[Date "2022.11.09"]
[WhiteClock "0:00:04"]
[BlackClock "0:00:08"]

1. e4 e5 2. Nf3 Nc6 3. Bb5 a6 4. Ba4 Nf6 5. O-O Nxe4 6. d4 Be7 7. Qe2 b5 8. Bb3 d5 9. dxe5 Bg4 10. Bf4 Nd4 11. Qe3 Nxb3 12. axb3 Bc5 13. Nd4 Bxd4 14. Qxd4 c5 15. Qe3 Bf5 16. f3 g5 17. fxe4 gxf4 18. Qxf4 Bg6 19. exd5 Qxd5 20. Nc3 Qc6 21. Qh6 O-O-O 22. Rf6 Qd7 23. Rfxa6 Qg4 24. Qe3 Qd4 25. Ra8+ Kb7 26. R1a7+ Kb6 27. Ra6+ Kb7 28. R8a7+ Kb8 29. Ra8+ Kb7 30. Qxd4 cxd4 31. R8a7+ Kb8 32. Nxb5 Bxc2 33. Rb6+ Kc8 34. Rc7# 1-0


[Site "https://www.chess.com"]

[Event "Titled Tuesday Blitz November 08 Early 2022"]
[White "Rudykh, Stepan"]
[Black "Alhadad, Mahmoud"]
[WhiteFideId "4180321"]
[BlackFideId "11501863"]
[WhiteElo "2240"]
[BlackElo "1955"]
[Result "1-0"]
[Round "10"]
[TimeControl "180+1"]
[Date "2022.11.09"]
[WhiteClock "0:00:48"]
[BlackClock "0:00:32"]

1. e4 d5 2. exd5 Nf6 3. Nf3 Bg4 4. d4 Qxd5 5. Be2 Nc6 6. h3 Bxf3 7. Bxf3 Qf5 8. O-O e6 9. c4 Bd6 10. Nc3 g5 11. Bxc6+ bxc6 12. Qa4 Kd7 13. d5 exd5 14. cxd5 Nxd5 15. Nxd5 Qxd5 16. Qg4+ f5 17. Qh5 Raf8 18. Bxg5 Rfg8 19. Rad1 Qe5 20. f4 Qe3+ 21. Kh1 Kc8 22. Qf7 Qe2 23. Qxf5+ Kb7 24. Qd3 Qxd3 25. Rxd3 Re8 26. f5 Re2 27. Rd2 Rxd2 28. Bxd2 Be5 29. f6 Bxb2 30. Rb1 c5 31. Rxb2+ Kc6 32. Bh6 c4 33. f7 Kd5 34. f8=Q Rxf8 35. Bxf8 Kd4 36. Bg7+ Kd3 37. Rb7 c3 38. Bxc3 Kxc3 39. Rxc7+ Kb2 40. Rxa7 h5 41. Rh7 h4 42. Rxh4 Ka1 43. Rc4 Kb1 44. g4 Ka1 45. h4 Kb1 46. g5 Ka1 47. h5 Kb1 48. g6 Ka1 49. h6 Kb1 50. g7 Ka1 51. h7 Kb1 52. a4 Ka1 53. a5 Kb1 54. a6 Ka1 55. a7 Kb1 56. Rc5 Ka1 57. Rb5 Ka2 58. a8=Q# 1-0


[Site "https://www.chess.com"]

[Event "Titled Tuesday Blitz November 08 Early 2022"]
[White "Rustemov, Alexander"]
[Black "Degenbaev, Aziz"]
[WhiteFideId "4119002"]
[BlackFideId "13802640"]
[WhiteElo "2650"]
[BlackElo "2039"]
[Result "1/2-1/2"]
[Round "10"]
[TimeControl "180+1"]
[Date "2022.11.09"]
[WhiteClock "0:00:03"]
[BlackClock "0:00:06"]

1. d4 Nf6 2. c4 g6 3. Nf3 Bg7 4. Nc3 O-O 5. Bg5 d6 6. e3 h6 7. Bh4 c5 8. Be2 Nc6 9. O-O Bg4 10. d5 Na5 11. Rc1 Bxf3 12. gxf3 a6 13. b3 b6 14. Qc2 Qd7 15. Kh1 Qh3 16. Bg3 Rab8 17. a4 Nb7 18. Rg1 Rfe8 19. Ne4 Nh5 20. f4 Na5 21. Qd1 Nxg3+ 22. Rxg3 Qf5 23. Bd3 Qd7 24. Qc2 e6 25. dxe6 Qxe6 26. f5 gxf5 27. Rcg1 fxe4 28. Rxg7+ Kf8 29. Be2 Qf6 30. Bh5 Qxg7 31. Rxg7 Kxg7 32. Qc3+ Re5 33. Bd1 Nc6 34. Qd2 Rd8 35. Kg2 d5 36. cxd5 Rdxd5 37. Qc1 Nb4 38. Be2 Kf8 39. h4 Re6 40. Qc3 Rg6+ 41. Kh2 Nd3 42. f4 Nf2 43. b4 Ng4+ 44. Kh3 Nf2+ 45. Kh2 Ng4+ 46. Bxg4 Rxg4 47. Kh3 Rg1 48. bxc5 Rxc5 49. Qd4 Rcc1 50. Qxe4 h5 51. f5 Rh1+ 52. Kg2 Rcf1 53. Qe5 Rhg1+ 54. Kh2 Rh1+ 55. Kg2 Rhg1+ 56. Kh3 Rh1+ 57. Kg3 Rhg1+ 58. Kh2 Rh1+ 59. Kg2 1/2-1/2


[Site "https://www.chess.com"]

[Event "Titled Tuesday Blitz November 08 Early 2022"]
[White "Salinas Herrera, Pablo"]
[Black "Zhigalko, Sergei"]
[WhiteFideId "3407128"]
[BlackFideId "13502956"]
[WhiteElo "2557"]
[BlackElo "2662"]
[Result "1-0"]
[Round "10"]
[TimeControl "180+1"]
[Date "2022.11.08"]
[WhiteClock "0:00:08"]
[BlackClock "0:00:04"]

1. d4 Nf6 2. c4 e6 3. Nc3 Bb4 4. Bd2 O-O 5. Rc1 b6 6. Nf3 Bb7 7. e3 Re8 8. Bd3 d5 9. cxd5 exd5 10. O-O Nbd7 11. a3 Bf8 12. Nb5 c5 13. dxc5 bxc5 14. Re1 Qb6 15. Bf1 Ne4 16. b4 c4 17. Nc3 Ndf6 18. Nxe4 Nxe4 19. Bc3 Nxc3 20. Rxc3 a5 21. b5 Qxb5 22. Nd4 Qb2 23. Qc1 Qxc1 24. Rexc1 Rab8 25. g3 Bc5 26. Ne2 Ba8 27. Bg2 a4 28. Nf4 Red8 29. Rd1 Rb3 30. Rxc4 Bxa3 31. Rxa4 Bf8 32. Rxa8 Rxa8 33. Bxd5 Rbb8 34. Bxa8 Rxa8 35. Rd7 Re8 36. h4 g6 37. Kg2 Bg7 38. Nd5 Kf8 39. g4 h6 40. f4 Bb2 41. Kf3 Ra8 42. Rb7 Ba1 43. h5 Rd8 44. e4 gxh5 45. gxh5 Bd4 46. Kg4 Bg7 47. Kf5 Bd4 48. Rb5 Bg7 49. e5 Ra8 50. Rb7 Rd8 51. Nf6 Ra8 52. Nd7+ Kg8 53. Nf6+ Bxf6 54. Kxf6 Ra6+ 55. Kf5 Kf8 56. Rd7 Kg7 57. Rd6 Ra5 58. Rd7 Rb5 59. Rc7 Ra5 60. Kg4 Kg8 61. Rd7 Kf8 62. Rd6 Kg7 63. Rd7 Kf8 64. Kf3 Kg8 65. Ke4 Rb5 66. f5 Rb4+ 67. Rd4 Rb6 68. Kd5 Ra6 69. Rc4 Kf8 70. Rc8+ Kg7 71. f6+ Kh7 72. Rf8 Rxf6 73. Rh8+ Kxh8 74. exf6 Kg8 75. Kd6 Kf8 76. Kd7 Kg8 77. Ke8 Kh7 78. Kxf7 Kh8 79. Ke7 Kg8 80. f7+ Kh7 81. Kf6 Kh8 82. f8=Q+ 1-0


[Site "https://www.chess.com"]

[Event "Titled Tuesday Blitz November 08 Early 2022"]
[White "Salman, Pavel"]
[Black "Grot, Blazej"]
[WhiteFideId "24153753"]
[BlackFideId "21835845"]
[WhiteElo "2187"]
[BlackElo "1822"]
[Result "1-0"]
[Round "10"]
[TimeControl "180+1"]
[Date "2022.11.09"]
[WhiteClock "0:00:15"]
[BlackClock "0:00:15"]

1. d4 Nf6 2. Nc3 d5 3. Bf4 e6 4. Nb5 Na6 5. e3 c6 6. Nc3 Bd6 7. Bxa6 bxa6 8. Nge2 Rb8 9. Na4 O-O 10. O-O Qe7 11. Bxd6 Qxd6 12. f4 Nd7 13. b3 c5 14. dxc5 Nxc5 15. Nxc5 Qxc5 16. Nd4 Bb7 17. Qd3 Rbc8 18. Rae1 a5 19. a4 Qd6 20. Rf3 Ba6 21. Qd2 Qb4 22. Qf2 h6 23. Rg3 Kh7 24. Rg4 Rfd8 25. Qh4 Qf8 26. f5 e5 27. Nf3 f6 28. Qh5 Rxc2 29. Nh4 Qe8 30. Rg6 Rc3 31. h3 Rxb3 32. Rc1 Bc4 33. Nf3 Rxe3 34. Nh2 Qf8 35. Ng4 Rb3 36. Kh2 Rb4 37. Re1 Rxa4 38. Rxe5 fxe5 39. f6 Rd7 40. fxg7 Rxg7 41. Rxh6+ Kg8 42. Rh8# 1-0


[Site "https://www.chess.com"]